 Dungeon Crawl Stone Soup version 0.22-a0-422-g9628fc8 (webtiles) character file.

107 Borgoz the Skirmisher (level 4, -6/29 HPs)
             Began as a Gargoyle Fighter on May 21, 2018.
             Killed from afar by a white imp (8 damage)
             ... with a puff of frost
             ... summoned by Natasha
             ... on level 3 of the Dungeon.
             The game lasted 00:01:49 (1542 turns).

Borgoz the Skirmisher (Gargoyle Fighter)            Turns: 1542, Time: 00:01:50

Health: -6/29      AC: 10    Str: 25    XL:     4   Next: 85%
Magic:  4/4        EV: 10    Int:  8    God:
Gold:   119        SH:  0    Dex: 10    Spells: 3/3 levels left

rFire    . . .     SeeInvis .   a - +0 flail
rCold    . . .     Gourm    .   (no shield)
rNeg     + . .     Faith    .   b - +0 scale mail
rPois    ∞         Spirit   .   (no helmet)
rElec    +         Reflect  .   (no cloak)
rCorr    .         Harm     .   (no gloves)
MR       .....                  (no boots)
Stlth    ..........             (no amulet)
HPRegen  0.09/turn              l - ring of loudness (curse)
MPRegen  0.09/turn              (no ring)

@: mighty
A: negative energy resistance 1, electricity resistance, unbreathing,
petrification resistance, rot immunity, AC +3
a: no special abilities


You were on level 3 of the Dungeon.
You were not hungry.

You visited 1 branch of the dungeon, and saw 3 of its levels.

You collected 119 gold pieces.

Inventory:

Hand Weapons
 a - a +0 flail (weapon)
Armour
 b - a +0 scale mail (worn)
 c - a +0 shield
Jewellery
 l - a cursed ring of loudness (left hand)
Scrolls
 e - a scroll of remove curse {unknown}
 g - 2 scrolls of identify {unknown}
 j - a scroll of immolation {unknown}
 k - a scroll of enchant weapon {unknown}
Potions
 h - a potion of agility {unknown}
 i - a potion of curing {unknown}
Comestibles
 f - 5 rations
 m - 2 chunks of flesh


   Skills:
 + Level 4.0 Fighting
 + Level 2.7 Maces & Flails
 + Level 3.9 Armour
 * Level 2.0 Dodging
 - Level 3.2 Shields


You had 3 spell levels left.
You didn't know any spells.
Your spell library was empty.

Dungeon Overview and Level Annotations

Branches:
Dungeon (3/15)

Altars:
Dithmenos
Hepliaklqana
Sif Muna

Annotations:
D:3 Natasha


Innate Abilities, Weirdness & Mutations

You are resistant to torment.
Your stone body is resilient. (AC +3)
You are immune to poison.
You resist negative energy. (rN+)
You are resistant to electric shocks. (rElec)
You can survive without breathing.
You are immune to petrification.
You are immune to rotting.


Message History

Natasha claws you.
* * * LOW HITPOINT WARNING * * *
The white imp hits you but does no damage.
Natasha casts a spell.
The white imp barely misses you.
You closely miss Natasha.
Natasha is lightly wounded.
Natasha closely misses you. The white imp spits at you.
The white imp hits you but does no damage.
The white imp gestures at you. The puff of frost hits you!
* * * LOW HITPOINT WARNING * * *
You sock Natasha!
Natasha is severely wounded.
The white imp disappears in a puff of smoke!
Natasha claws you but does no damage. The white imp gestures at you.
The puff of frost hits you!
You die...

#.#......# .# #.#..###.#
. #.#..###.# #.
#........### #..
#..........#
#..########.#..#...#.#
#.#........##.#..#.#.#.#
......§.5.......>#.#.#.#
#..h@...##.#..#.#.#.#
###.######.#..#.#.#.#
... #.#....#.#.# #...
#.##.###.#.# ....#
#..... ..#.# #.... ###
#####.# +..... #.#
#..#.. #.# #.#


You could see Natasha and a white imp.

Vanquished Creatures
  Jessica (D:2)
  Natasha (D:3)
  An adder (D:2)
  A worm (D:2)
  2 dart slugs
  2 leopard geckos (D:2)
  A giant cockroach (D:2)
  8 goblins
  5 hobgoblins
  5 kobolds
  6 bats
  A frilled lizard (D:2)
  3 rats
37 creatures vanquished.

Notes
Turn   | Place    | Note
-------+----------+-------------------------------------------
     0 | D:1      | Borgoz the Gargoyle Fighter began the quest for the Orb.
     0 | D:1      | Reached XP level 1. HP: 14/14 MP: 1/1
   150 | D:1      | Reached XP level 2. HP: 17/19 MP: 2/2
   247 | D:1      | Reached skill level 1 in Dodging
   436 | D:1      | Reached XP level 3. HP: 17/23 MP: 3/3
   833 | D:2      | Found a shadowy altar of Dithmenos.
  1069 | D:2      | Found a hazy altar of Hepliaklqana.
  1127 | D:2      | Noticed Jessica
  1131 | D:2      | Killed Jessica
  1131 | D:2      | Reached XP level 4. HP: 29/29 MP: 4/4
  1352 | D:3      | Found a deep blue altar of Sif Muna.
  1380 | D:3      | Noticed Natasha
  1388 | D:3      | Killed Natasha
  1520 | D:3      | Reached skill level 4 in Fighting
  1522 | D:3      | Noticed Natasha
  1542 | D:3      | Killed from afar by a white imp

Vault maps used:
D:1:      tarquinn_simple_flora_water_d, hangedman_decor_clover_reticule,
          minmay_misc_feat_columns
D:2:      old_standard_altar, lemuel_coloured_pillars_altar, uniq_jessica
D:3:      hangedman_ru_absence, tgw_fedhas, overflow_temple_1_default,
          grunt_gozag_breadcrumbs, uniq_natasha

Skill      XL: |  1  2  3  4 |
---------------+-------------+-----
Dodging        | 1 2 |  2.0
Fighting       | 4 |  4.0
Maces & Flails | |  2.7
Armour         | |  3.9
Shields        | |  3.2

Action                   |  1- 3 |  4- 6 || total
-------------------------+-------+-------++-------
Melee: Flail             |   125 |    55 ||   180
  Use: Potion            |       |     1 ||     1
  Eat: Chunk             |       |     2 ||     2
Armor: Scale mail        |    73 |    55 ||   128
Dodge: Dodged            |    83 |    53 ||   136

Table legend:
 A = Spawn XP
 B = Non-spawn XP
 C = Spawn XP percentage of total XP
 D = Spawn monster count
 E = Non-spawn monster count
 F = Spawn count percentage of total count
 G = Total turns spent on level
                    A         B        C        D         E        F      G
               +---------+---------+-------+---------+---------+-------+---------
         Total |       0 |     153 |   0.0 |       0 |      37 |   0.0 |  1542
               +---------+---------+-------+---------+---------+-------+---------
           D:1 |       0 |      35 |   0.0 |       0 |      18 |   0.0 |   711
           D:2 |       0 |      79 |   0.0 |       0 |      17 |   0.0 |   632
           D:3 |       0 |      39 |   0.0 |       0 |       2 |   0.0 |   199
               +---------+---------+-------+---------+---------+-------+---------
